 Dungeon Crawl Stone Soup version 0.24.0-123-gd5b16e6ec5 (webtiles) character file.

Game seed: 395452295439738249, levelgen mode: deterministic

1036 Peloso the Shield-Bearer (level 8, -18/68 HPs)
             Began as a Minotaur Fighter on Dec 28, 2019.
             Was an Initiate of Okawaru.
             Killed from afar by a wretched star (21 damage)
             ... with an orb of energy
             ... on level 1 of the Abyss.
             The game lasted 00:13:46 (5426 turns).

Peloso the Shield-Bearer (Minotaur Fighter)         Turns: 5426, Time: 00:13:47

Health: -18/68     AC: 17    Str: 21      XL:     8   Next: 4%
Magic:  5/5        EV:  5    Int:  5      God:    Okawaru [......]
Gold:   264        SH: 11    Dex: 13 (15) Spells: 7/7 levels left

rFire    . . .     SeeInvis .   a - +0 long sword
rCold    + . .     Gourm    .   c - +0 shield
rNeg     . . .     Faith    .   x - +3 plate armour of the Moon {rPois rC+ Dex+3}
rPois    +         Spirit   .   (helmet restricted)
rElec    .         Reflect  .   (no cloak)
rCorr    .         Harm     .   (no gloves)
MR       .....                  e - +0 pair of boots
Stlth    ..........             (no amulet)
HPRegen  0.21/turn              (no ring)
MPRegen  0.09/turn              (no ring)

@: no status effects
A: retaliatory headbutt, horns 2, [low mp 2], [screaming 2]
a: Renounce Religion


You were on level 1 of the Abyss.
You worshipped Okawaru.
Okawaru was noncommittal.
You were very hungry.

You visited 2 branches of the dungeon, and saw 8 of its levels.
You visited the Abyss 1 time.

You collected 264 gold pieces.

Inventory:

Hand Weapons
 a - a +0 long sword (weapon)
Armour
 b - a +0 chain mail
 c - a +0 shield (worn)
 e - a +0 pair of boots (worn)
 x - the +3 plate armour of the Moon (worn) {rPois rC+ Dex+3}
   (You found it on level 6 of the Dungeon)

   It affects your dexterity (+3).
   It protects you from cold.
   It protects you from poison.
Jewellery
 s - an uncursed ring of stealth {unknown}
Wands
 p - a wand of disintegration (19)
 q - a wand of polymorph (11)
Scrolls
 g - 7 scrolls of identify {unknown}
 h - a scroll of random uselessness {unknown}
 j - 5 scrolls of remove curse
 k - 2 scrolls of noise {unknown}
 l - 2 scrolls of teleportation {unknown}
 o - a scroll of fear {unknown}
 r - a scroll of amnesia {unknown}
 u - 2 scrolls of enchant weapon {unknown}
 v - a scroll of magic mapping {unknown}
Potions
 d - 2 potions of might
 i - 2 potions of curing
 m - a potion of brilliance
 n - a potion of heal wounds
 t - a potion of ambrosia {unknown}
 w - a potion of haste {unknown}
 z - a potion of invisibility {unknown}
Comestibles
 f - 11 rations


   Skills:
 + Level 5.3 Fighting
 + Level 6.9 Long Blades
 + Level 6.4 Armour
 + Level 1.0 Dodging
 + Level 0.3 Stealth
 + Level 7.0 Shields


You had 7 spell levels left.
You didn't know any spells.
Your spell library contained the following spells:

 Spells                   Type           Power        Failure   Level  Hunger
 Confusing Touch          Hex            #.....       100%        1    ##.....
 Summon Small Mammal      Summ           #...         100%        1    ##.....
 Call Imp                 Summ           #.......     100%        2    ###....
 Call Canine Familiar     Summ           #.......     100%        3    ####...
 Confuse                  Hex            #.......     100%        3    ####...
 Gell's Gravitas          Tloc           #.........   100%        3    ####...
 Summon Guardian Golem    Hex/Summ       #.......     100%        3    ####...
 Petrify                  Tmut/Erth      #.......     100%        4    #####..
 Summon Ice Beast         Ice/Summ       #.......     100%        4    #####..
 Summon Lightning Spire   Summ/Air       #.......     100%        4    #####..
 Metabolic Englaciation   Hex/Ice        #.........   100%        5    ######.
 Yara's Violent Unravell  Hex/Tmut       #.........   100%        5    ######.


Dungeon Overview and Level Annotations

Branches:
Dungeon (7/15)             Temple (1/1) D:6

Altars:
Ashenzari
Cheibriados
Elyvilon
Gozag
Hepliaklqana
Makhleb
Nemelex Xobeh
Okawaru
Qazlal
Ru
Sif Muna
Trog
Uskayaw
Vehumet
Xom
Zin
The Shining One

Annotations:
D:5 3 runed translucent doors, Britaniac's ghost, novice MfIE; tamionv's ghost, novice GrFi


Innate Abilities, Weirdness & Mutations

You reflexively headbutt those who attack you in melee.
You have a pair of horns on your head.
[Your magical capacity is very low. (-20% MP)]
[You sometimes yell uncontrollably at your foes.]


Message History

Found a scroll labeled RODOIT ZEUBISM.
Found a ration.
A wretched star comes into view.
The wretched star pulses with an eldritch light!
You feel less energetic. x2
The wretched star pulses with an eldritch light!
You feel the urge to shout.
You feel a strong urge to yell.
The wretched star glows turbulently.
The orb of energy hits you!
The orb of energy explodes!
You see here a ration.
As you read the scroll labeled RATRUPLE GOXU, it crumbles to dust.
You feel blessed for a moment.
It was a scroll of remove curse.
The wretched star glows turbulently.
The orb of energy hits you!!
The orb of energy explodes!
The wretched star glows turbulently.
The orb of energy hits you!!
* * * LOW HITPOINT WARNING * * *
The wretched star glows turbulently.
The orb of energy hits you!!
You die...

.#. .. .. .# ##
##.# ##..
#...###...
#.##....#
#@.#.#..##.. .#
##...........#..
##%..##### ..# #
###.##.. #..#.
#...#..# .#....#
#...*##....#
#..##....#####
.....#...#*.##.##
.#####. ....#...
.


You could see a wretched star.

Vanquished Creatures
  A ynoxinul (Abyss:1)
  2 ogres
  An ice beast (D:5)
  A phantom (D:6)
  A centaur (D:5)
  A centaur zombie (D:5)
  A crimson imp (D:6)
  A jelly (D:6)
  A bullfrog skeleton (D:5)
  2 orc wizards
  2 worker ants
  A hound zombie (D:6)
  A hound skeleton (D:5)
  10 adders
  An ooze (D:1)
  An adder zombie (D:6)
  2 adder skeletons
  2 worms (D:4)
  2 dart slugs
  A leopard gecko (D:5)
  12 orcs
  5 ball pythons
  8 bats
  5 giant cockroaches
  12 hobgoblins
  12 jackals
  2 quokkas (D:5)
  4 frilled lizards
  5 goblins
  8 kobolds
  16 rats
124 creatures vanquished.

Notes
Turn   | Place    | Note
-------+----------+-------------------------------------------
     0 | D:1      | Peloso the Minotaur Fighter began the quest for the Orb.
     0 | D:1      | Reached XP level 1. HP: 19/19 MP: 0/0
    17 | D:1      | Reached XP level 2. HP: 24/27 MP: 1/1
   262 | D:1      | Reached skill level 4 in Shields
   505 | D:1      | Reached XP level 3. HP: 33/33 MP: 2/2
  1406 | D:2      | Reached XP level 4. HP: 40/40 MP: 3/3
  1952 | D:3      | Found a glowing golden altar of the Shining One.
  2144 | D:3      | Found a radiant altar of Vehumet.
  2350 | D:3      | Found a hide-covered altar of Uskayaw.
  2380 | D:3      | Found an opulent altar of Gozag.
  2380 | D:3      | Found a glowing silver altar of Zin.
  2467 | D:3      | Found a hazy altar of Hepliaklqana.
  2610 | D:3      | Reached XP level 5. HP: 41/47 MP: 4/4
  2615 | D:3      | Found a shimmering blue altar of Sif Muna.
  3005 | D:4      | Noticed an ogre
  3012 | D:4      | Killed an ogre
  3012 | D:4      | Reached skill level 5 in Armour
  3012 | D:4      | Reached skill level 5 in Shields
  3012 | D:4      | Reached XP level 6. HP: 33/53 MP: 5/5
  3142 | D:5      | Entered Level 5 of the Dungeon
  3224 | D:5      | Noticed an ice beast
  3235 | D:5      | Killed an ice beast
  3235 | D:5      | Reached skill level 5 in Long Blades
  3555 | D:5      | Reached skill level 6 in Shields
  3555 | D:5      | Reached XP level 7. HP: 48/60 MP: 6/6
  3779 | D:5      | Reached skill level 1 in Dodging
  3962 | D:5      | Found a runed translucent gate.
  3962 | D:5      | Found a runed translucent gate.
  3962 | D:5      | Found a runed translucent gate.
  3963 | D:5      | Noticed Britaniac's ghost (novice MfIE)
  3963 | D:5      | Noticed tamionv's ghost (novice GrFi)
  4055 | D:5      | Reached skill level 5 in Fighting
  4589 | D:6      | Found a staircase to the Ecumenical Temple.
  4717 | Temple   | Entered the Ecumenical Temple
  4808 | Temple   | Became a worshipper of Warmaster Okawaru
  4972 | D:6      | Found a stormy altar of Qazlal.
  5162 | D:6      | Got a twisted plate armour
  5173 | D:6      | Identified the +3 plate armour of the Moon {rPois rC+
                  | Dex+3} (You found it on level 6 of the Dungeon)
  5352 | D:7      | Found a burning altar of Makhleb.
  5353 | D:7      | Found a shimmering altar of Xom.
  5354 | D:7      | Cast into level 1 of the Abyss (crimson imp)
  5371 | Abyss:1  | Found a corrupted altar of Lugonu.
  5376 | Abyss:1  | Noticed a ynoxinul
  5390 | Abyss:1  | Killed a ynoxinul
  5390 | Abyss:1  | Reached skill level 7 in Shields
  5390 | Abyss:1  | Reached XP level 8. HP: 57/68 MP: 7/7
  5416 | Abyss:1  | Noticed a wretched star
  5425 | Abyss:1  | HP: 3/68 [wretched star/orb of energy (22)]
  5426 | Abyss:1  | Killed from afar by a wretched star

Levels and vault maps discovered:
D:1:      arrival_zaba_pyramid, layout_loops_ring
D:2:      layout_loops_cross, serial_co_window_serial, co_window_paths_a,
          co_window_paths_b, co_window_corner_a, co_window_paths_b,
          co_window_of_opportunity_a, co_window_broadway_b, co_window_corner_b,
          co_window_2corner, co_window_paths_d, first_ration,
          kennysheep_crisscross
D:3:      layout_loops_ring, lemuel_coloured_pillars_altar,
          grunt_temple_overflow_gold_and_silver, eat_drink_and_be_merry_uskayaw,
          tgw_sif, overflow_temple_1_default, tso_altar
D:4:      layout_basic
D:5:      layout_basic, gammafunk_ghost_cemetery
D:6:      cheibrodos_quashed, layout_cave_pools, lemuel_round_altar,
          minmay_temple_entry_enclosed_plants, kennysheep_decorative_pillar
D:7:      layout_basic, grunt_temple_overflow_champion_of_chaos, serial_shops,
          shop, corexii_leaking_fountain
Temple:   nicolae_temple_figure_zero
Abyss:1:  base:
D:12

Skill      XL: |  1  2  3  4  5  6  7 |
---------------+----------------------+-----
Armour         | 4 5 6 |  6.4
Fighting       | 4 5 |  5.3
Shields        | 4 5 6 7 |  7.0
Long Blades    | 3 4 5 6 |  6.9
Dodging        | 1 |  1.0
Stealth        | |  0.3

Action                   |  1- 3 |  4- 6 |  7- 9 || total
-------------------------+-------+-------+-------++-------
Melee: Long sword        |   105 |   175 |   110 ||   390
       Headbutt          |    13 |    28 |    21 ||    62
  Use: Potion            |       |       |     4 ||     4
       Scroll            |       |       |     1 ||     1
  Eat: Chunk             |     1 |     8 |     1 ||    10
       Ration            |       |       |     1 ||     1
Armor: Scale mail        |    46 |       |       ||    46
       Chain mail        |     2 |    45 |       ||    47
       Plate armour      |       |    57 |    82 ||   139
Dodge: Dodged            |    40 |    26 |    29 ||    95
Block: Shield            |    69 |    92 |    86 ||   247
       Rpst.: Long sword |    12 |     4 |     4 ||    20
